Map: Abyssal Reef LE

Players

Gemini

  • Race: Protoss Protoss
  • League: Grandmaster
  • Spawn Location: 11:00

A.I. 1 (Very Easy) - Winner!

  • Race: Zerg Zerg
  • Spawn Location: 5:00

VOD

Have the link to the VOD?

Description

Time

  • Played on: Dec. 22, 2017, 11:57 p.m.
  • Length: 8:01
Show
View Real Time Build Order
Export as new Build Order

Gemini Protoss 

Build Orders: 1 Gate Expand, Oracle Opening, Phoenix Opening, Zealot Archon 

Get SALT Encoding   

  12  0:00  Probe  
  13  0:12  Probe  
  14  0:18  Pylon  
  14  0:25  Probe (Chrono Boost)  
  15  0:39  Gateway  
  15  0:41  Probe (Chrono Boost)  
  16  0:45  Probe (Chrono Boost)  
  16  0:47  Assimilator  
  17  0:51  Probe  
  18  1:03  Probe  
  19  1:15  Probe  
  20  1:25  Nexus  
  20  1:34  Cybernetics Core  
  20  1:37  Probe  
  21  1:44  Assimilator  
  21  1:49  Probe  
  21  1:52  Pylon  
  22  2:02  Probe  
  23  2:11  Warp Gate  
  23  2:12  Adept (Chrono Boost)  
  23  2:14  Probe  
  26  2:26  Probe (Chrono Boost)  
  29  2:31  Adept (Chrono Boost)  
  29  2:34  Stargate  
  29  2:41  Probe (Chrono Boost)  
  31  2:47  Probe x2 (Chrono Boost)  
  31  2:50  Probe  
  33  2:51  Probe, Adept  
  36  3:02  Probe  
  36  3:04  Probe  
  38  3:13  Oracle (Chrono Boost)  
  38  3:14  Probe  
  38  3:17  Probe  
  43  3:20  Pylon  
  43  3:26  Probe  
  44  3:28  Pylon  
  44  3:29  Probe  
  45  3:37  Gateway  
  45  3:38  Probe  
  46  3:41  Probe  
  46  3:44  Gateway  
  47  3:50  Probe  
  47  3:53  Probe  
  47  3:54  Phoenix (Chrono Boost)  
  51  3:59  Assimilator  
  51  4:01  Assimilator  
  51  4:03  Probe  
  51  4:05  Probe  
  51  4:09  Pylon  
  53  4:12  Robotics Facility  
  53  4:13  Oracle (Chrono Boost)  
  53  4:15  Probe  
  54  4:19  Probe  
  58  4:27  Probe  
  59  4:31  Probe  
  60  4:39  Pylon, Probe  
  60  4:40  Twilight Council  
  60  4:41  Gateway  
  61  4:45  Zealot x2  
  61  4:46  Zealot  
  67  5:00  Nexus  
  67  5:05  Warp Prism  
  69  5:09  Pylon  
  69  5:12  Probe x2  
  71  5:20  Templar Archives  
  71  5:24  Probe x2  
  71  5:26  Charge (Chrono Boost)  
  73  5:41  Forge  
  73  5:42  Gateway  
  73  5:43  Probe x2  
  73  5:45  Gateway  
  73  5:46  Pylon  
  75  5:55  Probe  
  75  5:56  Probe  
  77  5:57  Pylon  
  77  6:01  High Templar x3  
  77  6:02  High Templar  
  85  6:07  Archon x2  
  85  6:08  Probe x2  
  87  6:12  Immortal  
  87  6:16  Probe  
  87  6:17  Psionic Storm  
  92  6:20  Probe x2  
  92  6:25  Assimilator  
  94  6:29  Assimilator, Probe  
  94  6:32  Probe x2  
  97  6:36  Pylon  
  97  6:44  Probe x2  
  97  6:45  Gateway, Probe  
  97  6:46  Gateway  
  100  6:47  Pylon  
  100  6:56  Immortal, Probe x2  
  106  7:01  High Templar  
  106  7:04  High Templar  
  106  7:05  Zealot x4  
  118  7:19  Probe x2  
  121  7:25  Robotics Facility, Gateway  
  121  7:26  Pylon  
  121  7:27  Probe  
  121  7:30  Gateway  
  121  7:31  Probe  
  126  7:39  High Templar x2  
  126  7:41  Zealot  
  132  7:45  Pylon  
  132  7:46  Pylon  
  132  7:49  Pylon  
  132  7:52  Nexus  
  132  7:54  High Templar x2  
  132  7:55  Pylon  
  136  7:58  Archon  
Show
View Real Time Build Order
Export as new Build Order

A.I. 1 (Very Easy) Zerg - Winner!

Build Orders: Hatch First 

Get SALT Encoding   

  12  0:01  Drone  
  13  0:12  Overlord  
  13  0:17  Drone  
  14  0:43  Hatchery  
  14  0:45  Drone  
  14  1:02  Spawning Pool  
  13  1:05  Drone  
  13  1:10  Extractor  
  13  1:12  Drone  
  14  1:20  Overlord  
  14  1:49  Zergling x2  
  14  1:51  Queen  
  14  1:52  Zergling x2  
  18  1:58  Roach Warren  
  17  2:03  Drone  
  18  2:09  Extractor  
  18  2:12  Drone  
  18  2:18  Zergling x2  
  18  2:22  Drone  
  20  2:29  Drone  
  21  2:37  Drone  
  22  2:44  Drone  
  23  2:51  Drone  
  24  2:58  Drone  
  25  3:03  Roach  
  25  3:05  Drone  
  28  3:12  Drone  
  29  3:17  Overlord  
  29  3:23  Drone  
  30  3:30  Drone  
  31  3:38  Drone  
  31  3:45  Drone  
  32  3:49  Roach, Overlord  
  32  3:52  Drone  
  35  3:58  Lair  
  35  4:00  Drone  
  36  4:09  Drone  
  37  4:16  Drone  
  38  4:23  Drone  
  39  4:30  Drone  
  38  4:35  Roach  
  38  4:38  Drone  
  41  4:45  Drone  
  42  4:52  Drone  
  43  4:53  Overlord  
  43  4:56  Overseer  
  43  4:58  Overseer  
  43  4:59  Drone  
  44  5:06  Drone  
  45  5:11  Extractor  
  45  5:13  Drone  
  45  5:19  Extractor  
  45  5:20  Drone  
  45  5:21  Roach  
  47  5:28  Drone  
  44  5:35  Drone  
  44  5:42  Drone  
  45  5:49  Drone  
  46  5:57  Drone  
  47  6:04  Drone  
  48  6:11  Drone  
  49  6:18  Drone  
  50  6:25  Drone  
  52  6:32  Drone  
  52  6:44  Overlord  
  52  6:46  Zergling x2  
  43  7:12  Overseer  
  43  7:13  Overlord  
  43  7:15  Zergling x2  
Tags
 
Add a new tag
Caveats
  • Supply blocks, unpowered buildings, or Contaminate may cause inaccurate times.
  • Supply counts are checked every 10 seconds.